Map: [ESL] Site Delta

Players

eGGz

  • Race: Zerg Zerg
  • Spawn Location: 5:00

Kelazhur - Winner!

  • Race: Terran Terran
  • Spawn Location: 11:00

Event: ESL SC2 Masters 2023 Winter (Regional)

VOD

Have the link to the VOD?

Description

Time

  • Played on: Nov. 11, 2023, 1:39 p.m.
  • Length: 4:52

All games in this series

Show
View Real Time Build Order
Export as new Build Order

eGGz Zerg 

Build Orders: Pool First 

Get SALT Encoding   

  12  0:00  Drone  
  13  0:12  Overlord  
  13  0:17  Drone  
  14  0:31  Drone x2  
  16  0:40  Spawning Pool  
  15  0:44  Drone  
  15  0:48  Drone  
  17  1:05  Extractor  
  17  1:11  Hatchery  
  15  1:15  Drone  
  16  1:28  Zergling x6  
  19  1:35  Queen  
  21  1:48  Roach Warren  
  20  1:58  Overlord  
  20  2:07  Metabolic Boost  
  20  2:29  Roach x2  
  24  2:34  Roach  
  26  2:50  Roach  
  27  2:52  Zergling x10  
  31  2:59  Zergling x2  
  32  3:09  Zergling x2  
  33  3:18  Zergling x6  
  36  3:24  Ravager  
  36  3:26  Drone  
  33  3:38  Zergling x4  
  33  3:48  Zergling x4  
  34  3:50  Ravager  
  34  4:06  Zergling x6, Roach  
  32  4:22  Ravager  
Show
View Real Time Build Order
Export as new Build Order

Kelazhur Terran - Winner!

Build Orders:  

Get SALT Encoding   

  12  0:00  SCV  
  13  0:12  SCV  
  14  0:17  Supply Depot  
  14  0:24  SCV  
  15  0:39  SCV  
  15  0:40  Barracks  
  15  0:42  Refinery  
  16  0:51  SCV  
  17  0:59  Barracks  
  17  1:03  SCV  
  18  1:15  SCV  
  19  1:27  Orbital Command, Reaper  
  19  1:30  Supply Depot  
  20  1:46  Reaper  
  21  1:53  SCV  
  22  2:02  Reaper  
  22  2:05  SCV  
  24  2:10  Command Center  
  24  2:17  SCV  
  24  2:21  Marine  
  26  2:29  SCV  
  27  2:34  Marine  
  28  2:38  Factory  
  28  2:41  SCV  
  29  2:49  Marine  
  30  2:52  Marine  
  31  3:00  Supply Depot  
  31  3:01  Bunker  
  31  3:09  Refinery  
  31  3:19  Bunker  
  31  3:21  SCV, Marine x2  
  31  3:25  Factory Tech Lab  
  31  3:26  SCV  
  35  3:34  SCV  
  35  3:39  Orbital Command, Marine x2  
  37  3:46  SCV  
  38  3:50  Siege Tank  
  41  3:57  Marine x2  
  41  3:58  SCV  
  41  3:59  Supply Depot  
  43  4:10  SCV, Engineering Bay  
  43  4:12  Supply Depot  
  43  4:15  Marine x2  
  45  4:17  SCV  
  46  4:26  SCV  
  46  4:33  SCV  
  46  4:34  Marine x2  
  46  4:49  Supply Depot  
Tags
 
Add a new tag
Caveats
  • Supply blocks, unpowered buildings, or Contaminate may cause inaccurate times.
  • Supply counts are checked every 10 seconds.